 Dungeon Crawl Stone Soup version 0.24.0-123-gd5b16e6ec5 (webtiles) character file.

Game seed: 17107476500842779158, levelgen mode: deterministic

49 Curus the Twirler (level 3, -5/27 HPs)
             Began as a Demonspawn Gladiator on Dec 17, 2019.
             Slain by a goblin
             ... wielding a +0 club
             ... led by Robin
              (7 damage)
             ... on level 2 of the Dungeon.
             The game lasted 00:05:14 (1697 turns).

Curus the Twirler (Demonspawn Gladiator)            Turns: 1697, Time: 00:05:15

Health: -5/27      AC:  4    Str: 14    XL:     3   Next: 53%
Magic:  3/3        EV: 12    Int:  9    God:
Gold:   75         SH:  0    Dex: 15    Spells: 2/2 levels left

rFire    . . .     SeeInvis .   a - +0 quarterstaff
rCold    . . .     Gourm    .   (shield currently unavailable)
rNeg     . . .     Faith    .   b - +0 leather armour
rPois    +         Spirit   .   c - +0 helmet
rElec    .         Reflect  .   (no cloak)
rCorr    .         Harm     .   (no gloves)
MR       .....                  (no boots)
Stlth    +.........             (no amulet)
HPRegen  0.09/turn              f - ring of poison resistance
MPRegen  0.08/turn              (no ring)

@: no status effects
A: powered by pain 1
a: no special abilities


You were on level 2 of the Dungeon.
You were not hungry.

You visited 1 branch of the dungeon, and saw 2 of its levels.

You collected 75 gold pieces.

Inventory:

Hand Weapons
 a - a +0 quarterstaff (weapon)
Missiles
 d - 3 throwing nets (quivered)
Armour
 b - a +0 leather armour (worn)
 c - a +0 helmet (worn)
Jewellery
 f - a ring of poison resistance (left hand)
Scrolls
 e - a scroll of remove curse


   Skills:
 - Level 2.0 Fighting
 + Level 4.2 Staves
 - Level 1.7 Throwing
 - Level 2.6 Dodging


You had 2 spell levels left.
You didn't know any spells.
Your spell library was empty.

Dungeon Overview and Level Annotations

Branches:
Dungeon (2/15)

Altars:

Annotations:
D:2 Robin


Innate Abilities, Weirdness & Mutations

You sometimes gain a little power by taking damage.


Message History

The goblin hits you with a +0 club. The goblin hits you with a +0 dagger.
The goblin closely misses you.
You closely miss the goblin.
The goblin is moderately wounded.
The goblin closely misses you. The hobgoblin hits you with a +0 club.
The goblin misses you. Robin throws the goblin at you!
The goblin closely misses you. The goblin hits you with a +0 club.
You sock the goblin!
You kill the goblin!
The goblin misses you. The hobgoblin hits you with a +0 club.
* * * LOW HITPOINT WARNING * * *
The goblin closely misses you. The goblin hits you but does no damage.
Robin throws the goblin at you!
* * * LOW HITPOINT WARNING * * *
The goblin barely misses you.
Items here: )) [ † a +0 dagger; a +0 leather armour; a +0 club; a goblin corpse Unknown command.
The goblin hits you with a +0 club!
You die...

#...................g##.#####.
#..................lgg)<......
#...................gg########
#####................g.
##......##........###..
#.......##......#.# ##
........##...##...##
............####ggg#######
.........#### #@#†.......
.........# #..#g)g..(..
...††....## #.##........
...<..<...# #. #........
........#....##. #.......#
....>....###.... ........#
.........# #.. #........
.........# #.# .........
.........#


You could see 3 goblins.

Vanquished Creatures
  3 giant cockroaches
  13 goblins
  6 hobgoblins
  3 jackals (D:2)
  3 kobolds
  4 bats (D:1)
  A frilled lizard (D:1)
  10 rats
  A toadstool (D:1)
44 creatures vanquished.

Vanquished Creatures (others)
  3 toadstools (D:1)
3 creatures vanquished.

Grand Total: 47 creatures vanquished

Notes
Turn   | Place    | Note
-------+----------+-------------------------------------------
     0 | D:1      | Curus the Demonspawn Gladiator began the quest for the Orb.
     0 | D:1      | Reached XP level 1. HP: 16/16 MP: 1/1
   223 | D:1      | Reached skill level 3 in Staves
   311 | D:1      | Gained mutation: You sometimes gain a little power by
                  | taking damage. [demonic ancestry]
   311 | D:1      | Reached XP level 2. HP: 20/22 MP: 2/2
  1034 | D:1      | Reached XP level 3. HP: 27/27 MP: 3/3
  1209 | D:2      | Noticed Robin
  1219 | D:1      | Reached skill level 4 in Staves
  1697 | D:2      | Slain by a goblin

Levels and vault maps discovered:
D:1:      ldierk_water_garden, layout_loops_corners, minmay_rat_gold_closets
D:2:      layout_rooms, grunt_ministairs_7, uniq_robin

Skill      XL: |  1  2  3 |
---------------+----------+-----
Staves         | 3 4 |  4.2
Fighting       | |  2.0
Throwing       | |  1.7
Dodging        | |  2.6

Action                   || total
-------------------------++-------
Melee: Quarterstaff      ||   133
  Use: Potion            ||     3
       Scroll            ||     2
 Stab: Sleeping          ||     2
  Eat: Ration            ||     1
Armor: Leather armour    ||    58
Dodge: Dodged            ||   114
